Cogmind - Beta 15 @@@ ROGUE MODE // 2025.06.05 @ 20:20:49 Player: Olafz Result: Destroyed self via exploding Compression Vault Performance ------------- Evolutions (1) 500 Regions Visited (4) 800 Robots Destroyed (22) 110 Value Destroyed (623) 623 Prototype IDs (1) 20 Alien Tech Used (0) 0 Bonus (135) 135 TOTAL SCORE: 2188 Bonus ------- Follower Combat Kills 135 Cogmind --------- Core Integrity 0/400 Matter 156/300 Energy 270/280 System Corruption 0% Temperature Cool (0) Movement Core (300) Ox5 Location -9/Storage Parts ------- > --- POWER (1) -------- Cooled Ion Engine > --- PROPULSION (2) --- (None) > --- UTILITY (4) ------ Small Storage Unit Structural Scanner Hacking Suite > --- WEAPON (2) ------- Particle Gun Mini Grenade Launcher > --- INVENTORY (8) ---- Cooled Ion Engine Cooled Ion Engine Large Storage Unit ECM Suite Heavy Assault Rifle Mini Grenade Launcher Mini Grenade Launcher Peak State ------------ > --- POWER ------------ Cooled Ion Engine > --- PROPULSION ------- Aluminum Leg Improved Aluminum Leg > --- UTILITY ---------- Small Storage Unit Structural Scanner Hacking Suite > --- WEAPON ----------- Particle Gun Mini Grenade Launcher > --- INVENTORY -------- Cooled Ion Engine Cooled Ion Engine Large Storage Unit ECM Suite Mini Grenade Launcher [Rating: 16] Favorites ----------- Power Light Ion Engine Engine Light Ion Engine Propulsion Aluminum Leg Leg Aluminum Leg Utility Small Storage Unit Device Structural Scanner Storage Small Storage Unit Hackware Hacking Suite Weapon Light Assault Rifle Energy Gun Particle Gun Ballistic Gun Light Assault Rifle Launcher Mini Grenade Launcher Build | -11 -10 -10 -9 -9 ------- Run | Yrd Mat Min Mat Sto Slots Evolved 2 | . . . 2 . Power . | . . . . . Propulsion . | . . . . . Utility 2 | . . . 2 . Weapon . | . . . . . Parts Attached 21 | 6 1 4 8 2 Power 5 | 1 . 2 1 1 Engine 5 | 1 . 2 1 1 Core . | . . . . . Reactor . | . . . . . Propulsion 4 | 2 . . 2 . Treads . | . . . . . Leg 4 | 2 . . 2 . Wheel . | . . . . . Hover . | . . . . . Flight . | . . . . . Utility 3 | 1 1 . 1 . Device 1 | . 1 . . . Storage 1 | 1 . . . . Processor . | . . . . . Hackware 1 | . . . 1 . Protection . | . . . . . Artifact . | . . . . . Weapon 9 | 2 . 2 4 1 Energy Gun 2 | . . . 2 . Energy Cannon . | . . . . . Ballistic Gun 6 | 2 . 2 2 . Ballistic Cannon . | . . . . . Launcher 1 | . . . . 1 Special Weapon . | . . . . . Impact Weapon . | . . . . . Slashing Weapon . | . . . . . Piercing Weapon . | . . . . . Special Melee Weapon . | . . . . . Unidentified Prototypes 1 | . . . . 1 Parts Lost 9 | . 1 1 5 2 Power 1 | . . . 1 . Propulsion 4 | . 1 . 1 2 Utility . | . . . . . Weapon 4 | . . 1 3 . Highest Loss Streak 5 | . 1 1 5 1 To Critical Strikes . | . . . . . Average Backups 4 | . 3 5 5 4 Power 1 | . 1 1 3 2 Propulsion . | . . . . . Utility 2 | . 1 3 2 2 Weapon . | . 1 . . . Tool/Special . | . . . . . Unused Backups 6 | . . . . 6 Power 2 | . . . . 2 Propulsion . | . . . . . Utility 2 | . . . . 2 Weapon 2 | . . . . 2 Tool/Special . | . . . . . Average Slot Usage (%) 83 | . 98 85 69 79 Engine 12 | . 14 14 7 11 Leg 18 | . 28 14 13 19 Device 12 | . 12 14 11 11 Storage 12 | . 14 14 11 11 Hackware 3 | . . . 10 11 Energy Gun 2 | . . . 6 11 Ballistic Gun 19 | . 28 28 9 . Peak Build Rating 16 | 6 7 7 11 16 Average Rating 7 | 4 6 6 9 13 On Entrance 6 | . 6 6 7 11 Naked Turns . | . . . . . Heaviest Build 18 | 12 13 14 12 18 Greatest Support 23 | 20 20 10 23 23 Greatest Overweight (x) 2 | . 1 1 2 1 Average Overweight (x) . | . . 1 . . Largest Inventory Capacity 8 | 8 8 8 8 8 Average Capacity 7 | 6 8 8 8 8 Most Carried 8 | 2 5 8 8 7 Average Carried 4 | . 3 5 5 4 Final Capacity 8 | 8 8 8 8 8 Final Carried 8 | 2 5 8 4 7 Class Distribution -------------------- 74% | Mutant 25% | Scavenger-Mutant Dominant Class ---------------- Mutant | -10/Materials Mutant | -10/Mines Scavenger-Mutant | -9/Materials Scavenger-Mutant | -9/Storage Resources | -11 -10 -10 -9 -9 ----------- Run | Yrd Mat Min Mat Sto Matter Collected 431 | 181 84 120 46 . Remotely . | . . . . . Salvage Created 661 | . 217 90 218 136 Parts 41 | . 7 13 11 10 Haulers Intercepted . | . . . . . Recyclers Shooed . | . . . . . Parts Field Recycled . | . . . . . Retrieved Matter . | . . . . . Parts Self-Destructed . | . . . . . Prevented . | . . . . . Kills | -11 -10 -10 -9 -9 ------- Run | Yrd Mat Min Mat Sto Combat Hostiles Destroyed 20 | . 6 6 5 3 Guns 16 | . 6 6 4 . AOE 4 | . . . 1 3 Classes Destroyed 5 | . 1 1 1 2 Builder 1 | . . . . 1 Mechanic 1 | . . . . 1 Swarmer 6 | . . 6 . . Grunt 11 | . 6 . 3 2 Sentry 3 | . . . 2 1 Best Kill Streak 4 | . 2 3 3 4 Combat Bots Only 3 | . 2 3 3 2 Max Kills in Single Turn 4 | . 1 1 1 4 Gunslinging . | . . . . . Exploded 2 | . . . 1 2 Melee . | . . . . . Uniques/NPCs Destroyed . | . . . . . Combat | -11 -10 -10 -9 -9 -------- Run | Yrd Mat Min Mat Sto Hostile Shots Fired 166 | . 56 24 77 9 Missed 61 | . 21 10 27 3 Hits 105 | . 35 14 50 6 Melee 4 | . . . 4 . Projectile 101 | . 35 14 46 6 Critical Strikes 4 | . . . 4 . Damage Taken 1549 | . 408 107 904 130 Core 498 | . 74 17 379 28 Absorbed by Shields . | . . . . . Core Remaining (%) 81 | 100 . 63 . . Volleys Fired 70 | . 27 17 19 7 Largest 2 | . 2 2 2 2 Hottest 121 | . 40 40 121 95 Shots Fired 126 | . 54 33 30 9 Gun 124 | . 54 33 30 7 Cannon . | . . . . . Launcher 2 | . . . . 2 Special . | . . . . . Kinetic 108 | . 54 33 21 . Thermal 16 | . . . 9 7 Explosive 2 | . . . . 2 Electromagnetic . | . . . . . Robot Hit Streak 10 | . 8 4 10 5 Robot Miss Streak 3 | . 2 3 1 1 Penetration Max . | . . . . . Secondary Targets 4 | . . 2 2 . Max Gunslinging Chain 1 | . . 1 1 . Shots Hit Robots 87 | . 39 18 25 5 Core Hits 41 | . 15 8 10 8 Critical Kills . | . . . . . Critical Parts Destroyed 2 | . 1 1 . . Critical Strikes 2 | . 1 1 . . Destroy 2 | . 1 1 . . Melee Attacks . | . . . . . Impact . | . . . . . Slashing . | . . . . . Piercing . | . . . . . Sneak Attacks . | . . . . . Combat Hostiles . | . . . . . Follow-up Attacks . | . . . . . Damage Inflicted 1173 | . 320 190 354 309 Guns 945 | . 320 190 354 81 Cannons . | . . . . . Explosions 228 | . . . . 228 Melee . | . . . . . Ramming . | . . . . . Kinetic 727 | . 320 190 217 . Thermal 218 | . . . 137 81 Explosive 228 | . . . . 228 Electromagnetic . | . . . . . Impact . | . . . . . Slashing . | . . . . . Piercing . | . . . . . Highest Corruption . | . . . . . Average Corruption . | . . . . . Corruption Purged . | . . . . . Corruption Blocked . | . . . . . Overload Shots . | . . . . . Overflow Damage 28 | . . . . 28 Projectiles . | . . . . . Explosions 28 | . . . . 28 Melee . | . . . . . Knockbacks . | . . . . . Impact . | . . . . . Kinetic . | . . . . . Secondary . | . . . . . Self-Inflicted Damage 58 | . . . . 58 Shots 1 | . . . . 1 Rammed . | . . . . . Targets Rammed . | . . . . . Kicked . | . . . . . Crushed . | . . . . . Highest Temperature 118 | . 12 . 108 118 Average Temperature 34 | . 7 . 44 61 Received Heat Transfer 558 | . 222 . 306 30 Siege Activations . | . . . . . Martial Activations . | . . . . . Shielding Activations . | . . . . . Robots Disrupted . | . . . . . Combat Hostiles . | . . . . . Robots Corrupted . | . . . . . Combat Hostiles . | . . . . . Parts Fried . | . . . . . Impact Corruptions . | . . . . . Robots Melted . | . . . . . Combat Hostiles . | . . . . . Parts Melted . | . . . . . Heat Transferred 518 | . . . 333 185 Parts Sabotaged . | . . . . . Parts Stolen . | . . . . . Parts Stripped . | . . . . . Power Chain Reactions . | . . . . . Alert | -11 -10 -10 -9 -9 ------- Run | Yrd Mat Min Mat Sto Maximum Alert Level . | . . . . . Low Security (%) 100 | 100 100 100 100 100 Level 1 . | . . . . . Level 2 . | . . . . . Level 3 . | . . . . . Level 4 . | . . . . . Level 5 . | . . . . . High Security . | . . . . . Max Security . | . . . . . Peak Influence 197 | . 115 60 70 197 Initial 33 | . . 33 16 8 Average 24 | . 39 18 21 30 Influence Increases 726 | . 165 140 135 286 Destroy 0b10 Robot/C 500 | . 120 120 100 160 Destroy 0b10 Robot/NC 20 | . . . . 20 Destroy Leader 120 | . 30 20 30 40 Allied During Kill 32 | . . . . 32 Successful Hack 5 | . . . 5 . Disable Machine 15 | . . . . 15 Destroy Structure 19 | . . . . 19 Lose Combat Pursuer 15 | . 15 . . . Influence Decreases 480 | . 80 181 159 60 Entered New Map 92 | . . 52 28 12 Time Decay 307 | . 70 119 90 28 Lost Part 81 | . 10 10 41 20 Squads Dispatched 6 | . 3 . 1 2 Investigation 1 | . 1 . . . Extermination . | . . . . . Reinforcement 3 | . 2 . 1 . Assault 2 | . . . . 2 Garrison . | . . . . . Intercept . | . . . . . Searches Triggered . | . . . . . Construction Impeded . | . . . . . Haulers Reinforced . | . . . . . Active Scanning Responses . | . . . . . Cargo Convoy Interrupts . | . . . . . Stealth | -11 -10 -10 -9 -9 --------- Run | Yrd Mat Min Mat Sto Distress Signals . | . . . . . Communications Jammed . | . . . . . Distress Signals . | . . . . . Times Spotted 40 | . 11 6 16 7 Peak Tracking Total 8 | . 7 3 8 5 Tactical Retreats 1 | . 1 . . . Traps | -11 -10 -10 -9 -9 ------- Run | Yrd Mat Min Mat Sto Traps Triggered 3 | . 1 . 1 1 Indirectly . | . . . . . Trap Hack Attempts . | . . . . . Triggered . | . . . . . Disarmed . | . . . . . Reprogrammed . | . . . . . Reused . | . . . . . Traps Extracted . | . . . . . Installed . | . . . . . Triggered . | . . . . . Machines | -11 -10 -10 -9 -9 ---------- Run | Yrd Mat Min Mat Sto Machines Disabled 1 | . . . . 1 Max in Single Turn 1 | . . . . 1 Machines Repaired . | . . . . . Machines Dismantled . | . . . . . Machines Sabotaged . | . . . . . Overloaded Fab Kills . | . . . . . Hacking | -11 -10 -10 -9 -9 --------- Run | Yrd Mat Min Mat Sto Machines Accessed 2 | . . . 2 . Terminals 2 | . . . 2 . Fabricators . | . . . . . Repair Stations . | . . . . . Recycling Units . | . . . . . Scanalyzers . | . . . . . Garrison Access . | . . . . . Total Hacks 3 | . . . 3 . Successful 2 | . . . 2 . Failed 1 | . . . 1 . Catastrophic . | . . . . . Database Lockouts . | . . . . . Manual 3 | . . . 3 . Terminals 3 | . . . 3 . Fabricators . | . . . . . Repair Stations . | . . . . . Recycling Units . | . . . . . Scanalyzers . | . . . . . Garrison Access . | . . . . . Terminal Hacks 1 | . . . 1 . Branch Access Points 1 | . . . 1 . Fabricator Hacks . | . . . . . Repair Station Hacks . | . . . . . Recycling Unit Hacks . | . . . . . Scanalyzer . | . . . . . Garrison Access Hacks . | . . . . . Unauthorized Hacks 1 | . . . 1 . Terminals 1 | . . . 1 . Botnet 1 | . . . 1 . Fabricators . | . . . . . Repair Stations . | . . . . . Recycling Units . | . . . . . Scanalyzers . | . . . . . Garrison Access . | . . . . . Data Cores Recovered . | . . . . . Used . | . . . . . Hacking Detections 1 | . . . 1 . Full Trace Events . | . . . . . Feedback Events . | . . . . . Feedback Blocked . | . . . . . Robot Schematics Acquired . | . . . . . Robots Built . | . . . . . Authchips . | . . . . . Time . | . . . . . Total Robot Build Rating . | . . . . . Part Schematics Acquired . | . . . . . Parts Built . | . . . . . Authchips . | . . . . . Time . | . . . . . Total Part Build Rating . | . . . . . Parts Repaired . | . . . . . Time . | . . . . . Parts Recycled . | . . . . . Recycled Matter . | . . . . . Retrieved Matter . | . . . . . Retrieved Components . | . . . . . Parts Scanalyzed . | . . . . . Part Schematics Acquired . | . . . . . Parts Damaged . | . . . . . Bothacking | -11 -10 -10 -9 -9 ------------ Run | Yrd Mat Min Mat Sto Used RIF Installer . | . . . . . Robots Hacked . | . . . . . Non-combat . | . . . . . Combat . | . . . . . Robot Hacks Applied . | . . . . . Relay Couplers Released . | . . . . . Fabnet Peak Effective % . | . . . . . Robots Rewired . | . . . . . Allies Hacked . | . . . . . Hacks Repelled . | . . . . . Allies | -11 -10 -10 -9 -9 -------- Run | Yrd Mat Min Mat Sto Total Allies 2 | . . . . 2 Largest Group 2 | . . . . 2 Highest-Rated Group 62 | . . . . 62 Highest-Rated Ally 31 | . . . . 31 Total Orders . | . . . . . Ally Attacks 12 | . . . . 12 Total Damage 208 | . . . . 208 Kills 7 | . . . . 7 Allies Corrupted . | . . . . . Allies Melted . | . . . . . Intel | -11 -10 -10 -9 -9 ------- Run | Yrd Mat Min Mat Sto Active Infowar (turns) 1032 | . 226 434 218 154 Structural 1032 | . 226 434 218 154 Robot Analysis Total . | . . . . . Derelict Logs Recovered 1 | . . 1 . . Drone Launches . | . . . . . Drone Recoveries . | . . . . . Exploration | -11 -10 -10 -9 -9 ------------- Run | Yrd Mat Min Mat Sto Turns Passed 1108 | 60 242 434 218 154 Spaces Moved 587 | 44 134 201 114 94 Core 9 | 4 . . 5 . Treads . | . . . . . Legs 578 | 40 134 201 109 94 Wheels . | . . . . . Hover . | . . . . . Flight . | . . . . . Fastest Speed 50 | 50 120 190 100 120 Average Speed 149 | 113 121 190 138 131 Slowest Speed 190 | 120 190 190 190 190 Overloaded Moves . | . . . . . Propulsion Burnouts . | . . . . . Robots Hopped . | . . . . . Potential Cave-ins . | . . . . . Cave-ins Triggered . | . . . . . Exploration Rate (%) 26 | 3 39 56 13 23 Regions Visited 4 Branch Regions 2 Pre-discovered Areas 2 | . . 2 . . Known Exits Taken 1 | . . . 1 . Unknown Exits Taken 3 | 1 1 1 . . Scrap Searched 1 | . . 1 . . Spaces Dug . | . . . . . Terrain Destroyed 18 | . . . . 18 Melee . | . . . . . Projectile . | . . . . . AOE 18 | . . . . 18 Terrain Rammed . | . . . . . Walls Destroyed . | . . . . . Machines Disabled . | . . . . . Actions | -11 -10 -10 -9 -9 --------- Run | Yrd Mat Min Mat Sto Total 707 | 51 171 224 143 118 Wait 11 | . 7 . . 4 Move 583 | 43 133 200 113 94 Hop . | . . . . . Pick Up 12 | 2 3 2 . 5 Fast Attach 16 | 6 1 . 5 4 Attach 4 | . . 1 3 . Detach 1 | . . . . 1 Swap 4 | . . 3 1 . Drop 6 | . . 1 2 3 Fire 70 | . 27 17 19 7 Melee . | . . . . . Ram . | . . . . . Kick . | . . . . . Crush . | . . . . . Escape Stasis . | . . . . . Rewire . | . . . . . Trap . | . . . . . Miscellaneous . | . . . . . Route ------- -11/Scrapyard -10/Materials (discovered 2 exits: *Mat / [*Min]) -10/Mines -9/Materials (discovered 3 exits: Min / *Sto x2) -9/Storage History --------- Turn | Location | Event 36 | -11/Scrapyard | Discovered new exit (range 15) 61 | -11/Scrapyard | Entered Materials 197 | -10/Materials | Discovered new exit (range 3) 283 | -10/Materials | Discovered new exit (range 15) 303 | -10/Materials | Entered Mines 307 | -10/Mines | Build established: Mutant 334 | -10/Mines | Learned location of Mines (-9) 716 | -10/Mines | Discovered new exit (range 13) 717 | -10/Mines | Learned location of Storage (-9) 737 | -10/Mines | Entered Materials 737 | -9/Materials | Evolved 2 slots: Utility x2 761 | -9/Materials | Identified exit to Mines 761 | -9/Materials | Identified exit to Storage 843 | -9/Materials | Core integrity fell below 50% 873 | -9/Materials | Lost 5 parts (1p1n3w) 885 | -9/Materials | Core integrity fell below 20% 955 | -9/Materials | Entered Storage 1007 | -9/Storage | Met a pair of Derelict thieves 1109 | -9/Storage | Destroyed self via exploding Compression Vault Last Messages --------------- Destroyed Heat Sink. G-34 Mercenary suffers critical hit (Burn). G-34 Mercenary destroyed. R-06 Scavenger destroyed. G-34 Mercenary suffers critical hit (Burn). G-34 Mercenary destroyed. U-05 Engineer builds a Wall. U-05 Engineer lays Concrete. Y-45 Defender destroyed. U-05 Engineer builds a Wall. U-05 Engineer lays Concrete. R-06 Scavenger collects Structural Scanner. U-05 Engineer lays Concrete. U-05 Engineer builds a Wall. Acquired Hvy. Assault Rifle. U-05 Engineer builds a Wall. Y-45 Defender destroyed. Compression Vault explodes. Imp. Aluminum Leg destroyed. Destroyed Imp. Aluminum Leg. Map ----- +----------------------------------------------------+ | ?????????????????????????## | | ?????????????????########## | | ?????????????????########## ###########+##### | | ?????????????????##]] # # # ## ##### | | ?????????????????##]] " + # ## T#### | | ?????????????????## # #[ ]###" "##### | | ?????????????????## " # # ##! ### | | ?????????????????##]] #T## + """ ## !!### | | ?????????????????##]]] #### # """ ##!! ! ### | | ?????????????????########## # """ ##! ! !##" | | ?????????????????########## # """ ##########T | | ?????????????????????????## # """ ##########" | | ?????????????????????????## # ? ##???????## | | ?????????????????????????## # ? ##???????## | | ?????????????????????????## # ? #"???????## | | ?????????????????????????## #######"???????????? | | ??????????????????????##### ### ???????????? | | ??????????????????######### ! # ????????????????? | | ??????????????????###### # =% ##????????????????? | | ??????????????????## #[ ##????????????????? | | ?????????????????? # "" u#%*=###????????????????? | | ?????????????????? # "" #%=% ##????????????????? | | ?????????????? # ? # "T [#[%! ##????????????????? | | ?????????????? # # ""= #% ###????????????????? | | ?????????????? # ""% # = # ????????????????? | | ?????????????? + = % !*%@#%*%# ?????????????????? | | ?????????????? # ] !=*# ?????????????????? | | ?????????????? # # + ?????????????????? | | ?????????????? # # # ?????????????????? | | ?????????????? # # # ?????????????????? | | ??????????????##k # # ?????????????????? | | ??????????????## ? # # ?????????????????? | | ??????????????## ? ######## ##?????????????????? | | ?????????????????? ######## ##?????????????????? | | ??????????????????????????? ##?????????????????? | | ?????????????????????????????????????????????????? | | ?????????????????????????????????????????????????? | | ?????????????????????????????????????????????????? | | ?????????????????????????????????????????????????? | | ?????????????????????????????????????????????????? | | ?????????????????????????????????????????????????? | | ?????????????????????????????????????????????????? | | ?????????????????????????????????????????????????? | | ?????????????????????????????????????????????????? | | ?????????????????????????????????????????????????? | | ?????????????????????????????????????????????????? | | ?????????????????????????????????????????????????? | | ?????????????????????????????????????????????????? | | ?????????????????????????????????????????????????? | | ?????????????????????????????????????????????????? | +----------------------------------------------------+ Best States ------------- Heat Dissipation 28 Energy Generation 14 Energy Capacity 280 Matter Stores 300 Matter Capacity 300 Sight Range 16 Terrain Scan Density 10 Evasion (%) 55 Offensive Hacking 10 Item Schematics ----------------- None Robot Schematics ------------------ None Fabricated ------------ Nothing Repaired ---------- Nothing Alien Tech Used ----------------- None Achievements -------------- None Challenges ------------ None Game ------ Seed InsulationReflectiveCoupler Manual? 0 Play Time 00:08:35 Cumulative 267.8 hours Start 2025.06.05 @ 20:13:56 End 2025.06.05 @ 20:20:49 Sessions 1 Manual Loads 0 Difficulty Rogue Special Mode None Game No. 508 Rogue 506 Adventurer 2 Explorer 0 Win Type - Total 16 Types 11/0/1/3/1/0/0/0/0/0 Lore% 74 Gallery% 64 Achievement% 58 Wizard Run 0 Options --------- Layout 0 ASCII 0 Keyboard 1 Movement Numpad Keybinds 1 Fullscreen 2 Font 24/Smallcaps Map View 76x50 Zoom Use 0% Tactical HUD 1 Map Filters NONE Filters NONE Steam 1 RUN: 1c72b7e6-0727-4eae-9702-28a954780ddb